 Dungeon Crawl Stone Soup version 0.27-a0-277-g024f7ef292 (webtiles) character file.

Game seed: 6637475275063873921

109 tilp the Covert (level 4, 0/41 HPs)
             Began as a Gnoll Delver on Feb 6, 2021.
             Slain by a goblin
             ... wielding a +0 dagger
              (3 damage)
             ... on level 3 of the Dungeon.
             The game lasted 00:02:33 (1645 turns).

tilp the Covert (Gnoll Delver)                      Turns: 1645, Time: 00:02:34

Health: 0/41       AC:  3    Str: 11    XL:     4   Next: 89%
Magic:  5/5        EV: 13    Int: 11    God:
Gold:   65         SH:  0    Dex: 13    Spells: 5/5 levels left

rFire    . . .     SeeInvis .   j - -2 mace (curse)
rCold    . . .     Faith    .   (no shield)
rNeg     . . .     Spirit   .   b - +0 leather armour
rPois    .         Reflect  .   (no helmet)
rElec    .         Harm     .   (no cloak)
rCorr    .         Rampage  .   (no gloves)
Will     .....                  (no boots)
Stlth    ++++......             (no amulet)
HPRegen  0.13/turn              (no ring)
MPRegen  0.09/turn              (no ring)

@: no status effects
A: distributed training, fangs 1, strong nose
a: no special abilities


You were on level 3 of the Dungeon.
You visited 1 branch of the dungeon, and saw 4 of its levels.

You collected 65 gold pieces.

Inventory:

Hand Weapons
 a - a +0 mace
 j - a cursed -2 mace (weapon)
 l - a +0 war axe
Missiles
 i - 27 stones (quivered)
 m - 3 boomerangs
Armour
 b - a +0 leather armour (worn)
Wands
 g - a wand of digging (3)
Scrolls
 c - a scroll of fog
 e - a scroll of fear
Potions
 d - a potion of mutation {unknown}
 f - a potion of haste
 h - a potion of lignification {unknown}
 k - a potion of cancellation {unknown}
 n - a potion of ambrosia {unknown}


   Skills:
 + Level 6.6 Fighting
 + Level 1.2 Short Blades
 + Level 1.2 Long Blades
 + Level 1.2 Axes
 + Level 4.7 Maces & Flails
 + Level 1.2 Polearms
 + Level 1.2 Staves
 + Level 1.2 Slings
 + Level 1.2 Bows
 + Level 1.2 Crossbows
 + Level 1.2 Throwing
 + Level 1.2 Armour
 + Level 4.7 Dodging
 + Level 9.6 Stealth
 + Level 1.2 Shields
 + Level 1.2 Unarmed Combat
 + Level 1.2 Spellcasting
 + Level 1.0 Conjurations
 + Level 1.0 Hexes
 + Level 1.0 Summonings
 + Level 1.0 Necromancy
 + Level 1.0 Translocations
 + Level 1.0 Transmutations
 + Level 1.0 Fire Magic
 + Level 1.0 Ice Magic
 + Level 1.0 Air Magic
 + Level 1.0 Earth Magic
 + Level 1.0 Poison Magic
 + Level 1.4 Invocations
 + Level 1.2 Evocations


You had 5 spell levels left.
You didn't know any spells.
Your spell library was empty.

Dungeon Overview and Level Annotations

Branches:
Dungeon (6/15)
 Temple: D:4-7

Altars:

Annotations:
D:4 exclusion: ogre


Innate Abilities, Weirdness & Mutations

Your experience applies equally to all skills.
You have very sharp teeth.
Your uncanny sense of smell can sniff out nearby items.


Message History

The orc hits you with a +0 short sword.
* * * LOW HITPOINT WARNING * * *
You completely miss the orc. The goblin barely misses you. The orc misses you.
You completely miss the orc priest.
You bite the orc priest, but do no damage.
The orc priest completely misses you. The goblin hits you with a +0 dagger.
* * * LOW HITPOINT WARNING * * *
The orc hits you with a +0 short sword.
* * * LOW HITPOINT WARNING * * *
You hit the orc priest.
The orc priest is moderately wounded.
The goblin hits you with a +0 dagger.
* * * LOW HITPOINT WARNING * * *
The orc priest hits you but does no damage.
The orc misses you.
You hit the orc priest but do no damage.
You bite the orc priest, but do no damage.
The orc priest is moderately wounded.
The goblin hits you with a +0 dagger.
You die...

#o# .. #.# #.. ###.
+o## #..#...#. #.g#
#.#.....#
##†###........
#.o##.#.....#
##o##..#...#
#.#....### #.#@..#..#
... #ogoo#...### ....
##......#..#.....
#.....#...#(....
#######+......#(#...
#............#.(.#.#.
##............÷.......
#...........)#.####..
#............#.# . .


You could see an orc priest, 2 orcs and a goblin.

Vanquished Creatures
  2 centaur skeletons (D:4)
  4 adders
  A worm (D:3)
  3 orcs (D:3)
  3 jackals (D:3)
  2 rats (D:3)
15 creatures vanquished.

Notes
Turn   | Place    | Note
-------+----------+-------------------------------------------
     0 | D:5      | Reached skill level 9 in Stealth
     0 | D:5      | tilp the Gnoll Delver began the quest for the Orb.
     0 | D:5      | Reached XP level 1. HP: 23/23 MP: 1/1
    88 | D:5      | Noticed an ogre
    89 | D:5      | Noticed a howler monkey
   104 | D:4      | Reached XP level 2. HP: 23/29 MP: 2/2
   104 | D:4      | Reached XP level 3. HP: 27/35 MP: 3/3
   190 | D:5      | Noticed a phantom
   230 | D:4      | Reached skill level 1 in Short Blades
   230 | D:4      | Reached skill level 1 in Long Blades
   230 | D:4      | Reached skill level 1 in Axes
   230 | D:4      | Reached skill level 1 in Polearms
   230 | D:4      | Reached skill level 1 in Staves
   230 | D:4      | Reached skill level 1 in Slings
   230 | D:4      | Reached skill level 1 in Bows
   230 | D:4      | Reached skill level 1 in Crossbows
   230 | D:4      | Reached skill level 1 in Throwing
   230 | D:4      | Reached skill level 1 in Armour
   230 | D:4      | Reached skill level 1 in Shields
   230 | D:4      | Reached skill level 1 in Unarmed Combat
   230 | D:4      | Reached skill level 1 in Spellcasting
   230 | D:4      | Reached skill level 1 in Invocations
   230 | D:4      | Reached skill level 1 in Evocations
   518 | D:4      | Reached XP level 4. HP: 41/41 MP: 5/5
   566 | D:4      | Noticed an ogre
   624 | D:4      | Noticed an ogre
   927 | D:3      | Reached skill level 1 in Conjurations
   927 | D:3      | Reached skill level 1 in Hexes
   927 | D:3      | Reached skill level 1 in Summonings
   927 | D:3      | Reached skill level 1 in Necromancy
   927 | D:3      | Reached skill level 1 in Translocations
   927 | D:3      | Reached skill level 1 in Transmutations
   927 | D:3      | Reached skill level 1 in Fire Magic
   927 | D:3      | Reached skill level 1 in Ice Magic
   927 | D:3      | Reached skill level 1 in Air Magic
   927 | D:3      | Reached skill level 1 in Earth Magic
   927 | D:3      | Reached skill level 1 in Poison Magic
  1645 | D:3      | Slain by a goblin

Illustrated notes

Levels and vault maps discovered:
D:3:      layout_basic, minmay_splitting_lines, kennysheep_small_spiral,
          trog_wizard, uniq_grinder
D:4:      minmay_angry_zag, layout_loops_ring, serial_shops, shop
D:5:      layout_cave_pools, serial_shops, shop, uniq_duvessa
D:6:      layout_basic, grunt_temple_overflow_open, temple_fountains,
          chequers_serial_rivers_room_a

Skill      XL: |  1  2  3  4 |
---------------+-------------+-----
Stealth        | |  9.6
Short Blades   | 1 |  1.2
Long Blades    | 1 |  1.2
Axes           | 1 |  1.2
Polearms       | 1 |  1.2
Staves         | 1 |  1.2
Slings         | 1 |  1.2
Bows           | 1 |  1.2
Crossbows      | 1 |  1.2
Throwing       | 1 |  1.2
Armour         | 1 |  1.2
Shields        | 1 |  1.2
Unarmed Combat | 1 |  1.2
Spellcasting   | 1 |  1.2
Invocations    | 1 |  1.4
Evocations     | 1 |  1.2
Conjurations   | 1 |  1.0
Hexes          | 1 |  1.0
Summonings     | 1 |  1.0
Necromancy     | 1 |  1.0
Translocations | 1 |  1.0
Transmutations | 1 |  1.0
Fire Magic     | 1 |  1.0
Ice Magic      | 1 |  1.0
Air Magic      | 1 |  1.0
Earth Magic    | 1 |  1.0
Poison Magic   | 1 |  1.0
Fighting       | |  6.6
Maces & Flails | |  4.7
Dodging        | |  4.7

Action                   |  1- 3 |  4- 6 || total
-------------------------+-------+-------++-------
Melee: Mace              |    15 |    82 ||    97
       Bite              |     4 |     7 ||    11
Throw: Stone             |     3 |    22 ||    25
  Use: Scroll            |     1 |     1 ||     2
 Stab: Sleeping          |       |     1 ||     1
Armor: Leather armour    |     1 |    11 ||    12
Dodge: Dodged            |    11 |    63 ||    74

Table legend: (Time is in decaauts)
 A = Elapsed time spent in this place.
 B = Non-inter-level travel time spent in this place.
 C = Inter-level travel time spent in this place.
 D = Time resting spent in this place.
 E = Time spent auto-exploring this place.
 F = Levels seen in this place.
 G = Mean time per level.
                   A        B        C        D        E       F      G
               +--------+--------+--------+--------+--------+-----+--------+
         Total |   1663 |   1567 |     96 |   1093 |     31 |   4 |  415.8 |
       Dungeon |   1663 |   1567 |     96 |   1093 |     31 |   4 |  415.8 |
               +--------+--------+--------+--------+--------+-----+--------+

Top non-repeatable levels by time:
     D:3: 1019 daAuts
     D:4: 549 daAuts
     D:6: 79 daAuts
     D:5: 15 daAuts
